Map: Port Aleksander LE

Players

Elazer

  • Race: Zerg Zerg
  • Spawn Location: 11:00

Neeb - Winner!

  • Race: Protoss Protoss
  • Spawn Location: 5:00

Event: 2019 WCS Spring

VOD

Have the link to the VOD?

Description

Time

  • Played on: May 19, 2019, 6:09 a.m.
  • Length: 6:58

All games in this series

Show
View Real Time Build Order
Export as new Build Order

Elazer Zerg 

Build Orders: Pool First 

Get SALT Encoding   

  12  0:17  Spawning Pool  
  11  0:22  Drone  
  11  0:27  Drone  
  13  0:31  Drone  
  14  0:40  Overlord  
  15  1:04  Zergling x4  
  15  1:05  Zergling x2  
  17  1:17  Drone  
  17  1:18  Queen  
  20  1:31  Hatchery  
  19  1:37  Drone  
  20  1:41  Drone  
  21  1:48  Overlord  
  21  2:00  Drone  
  22  2:11  Drone  
  23  2:16  Queen  
  23  2:21  Drone  
  26  2:26  Extractor  
  26  2:27  Drone x3  
  28  2:34  Drone  
  28  2:44  Drone  
  28  2:46  Queen  
  31  2:51  Zergling x2  
  31  2:55  Queen  
  31  2:57  Drone  
  35  2:59  Overlord  
  35  3:05  Evolution Chamber  
  35  3:06  Drone  
  35  3:17  Zergling x4  
  35  3:18  Zergling x2  
  36  3:23  Evolution Chamber  
  36  3:26  Overlord  
  33  3:27  Zergling x2  
  33  3:33  Drone x2  
  31  3:42  Spore Crawler  
  31  3:43  Drone x2  
  31  3:49  Zerg Melee Weapons Level 1  
  31  3:52  Drone x2  
  33  3:57  Drone  
  33  3:58  Drone  
  33  4:02  Drone  
  36  4:08  Drone  
  37  4:10  Drone  
  38  4:17  Drone  
  38  4:20  Drone x3  
  38  4:21  Drone  
  43  4:27  Drone  
  43  4:28  Metabolic Boost  
  44  4:32  Drone  
  44  4:37  Overlord  
  45  4:48  Hatchery  
  44  4:53  Drone x2  
  44  4:57  Zergling x6  
  49  5:00  Zergling x2  
  49  5:02  Overlord  
  50  5:08  Zergling x2  
  50  5:12  Overlord  
  51  5:17  Drone  
  51  5:18  Drone  
  51  5:20  Drone  
  52  5:21  Drone x4  
  52  5:23  Drone  
  52  5:24  Drone  
  52  5:27  Drone  
  52  5:28  Overlord  
  59  5:35  Drone  
  60  5:39  Drone  
  60  5:41  Overlord  
  61  5:47  Overlord  
  61  5:50  Drone  
  61  5:51  Extractor  
  61  5:52  Drone  
  61  5:53  Drone  
  61  5:54  Drone  
  64  5:57  Baneling Nest  
  64  5:58  Drone  
  64  6:02  Overlord  
  64  6:04  Drone x3  
  64  6:08  Overlord  
  64  6:09  Drone  
  68  6:13  Spine Crawler  
  68  6:15  Zergling x4  
  68  6:17  Spine Crawler  
  68  6:20  Zergling x2  
  68  6:21  Zergling x2  
  68  6:23  Zergling x8  
  74  6:26  Zergling x4  
  74  6:31  Overlord  
  76  6:33  Zergling x4  
Show
View Real Time Build Order
Export as new Build Order

Neeb Protoss - Winner!

Build Orders:  

Get SALT Encoding   

  12  0:00  Probe  
  13  0:12  Probe  
  14  0:18  Pylon  
  14  0:23  Probe  
  15  0:32  Probe  
  15  0:39  Gateway  
  15  0:40  Probe  
  16  0:47  Assimilator  
  17  0:51  Probe  
  18  1:04  Probe  
  19  1:16  Probe  
  20  1:19  Zealot  
  20  1:27  Cybernetics Core  
  20  1:30  Gateway  
  21  1:34  Pylon  
  22  1:46  Zealot  
  22  1:52  Probe  
  24  2:05  Adept  
  26  2:16  Adept  
  28  2:23  Nexus  
  28  2:29  Pylon  
  28  2:32  Probe  
  29  2:42  Adept  
  31  2:47  Probe  
  32  2:51  Assimilator  
  32  2:56  Robotics Facility  
  32  2:59  Probe  
  32  3:05  Warp Gate  
  33  3:12  Probe  
  32  3:24  Probe  
  31  3:36  Probe, Warp Prism  
  31  3:40  Probe  
  31  3:48  Probe  
  34  3:50  Sentry x2  
  34  3:52  Probe  
  37  3:57  Pylon  
  37  4:00  Immortal, Probe  
  38  4:04  Probe  
  39  4:12  Probe  
  39  4:16  Probe  
  45  4:24  Probe  
  45  4:28  Immortal, Probe  
  45  4:29  Pylon  
  47  4:36  Probe  
  48  4:38  Assimilator  
  48  4:40  Probe  
  53  4:48  Probe  
  53  4:52  Adept  
  56  4:53  Stalker  
  56  4:55  Pylon  
  56  4:59  Probe  
  59  5:00  Probe  
  60  5:09  Immortal  
  60  5:11  Probe  
  65  5:22  Gateway  
  65  5:23  Gateway  
  65  5:27  Sentry  
  67  5:32  Gateway  
  67  5:36  Gateway  
  67  5:39  Gateway  
  67  5:40  Gateway  
  67  5:42  Observer  
  67  5:48  Sentry  
  70  5:50  Pylon  
  70  5:56  Sentry  
  72  6:07  Pylon  
  72  6:16  Pylon  
  72  6:21  Sentry  
  72  6:22  Zealot, Sentry  
  72  6:24  Zealot  
  80  6:27  Zealot  
  82  6:37  Zealot x4  
  90  6:46  Zealot x2  
  90  6:47  Zealot x2  
Tags
 
Add a new tag
Caveats
  • Supply blocks, unpowered buildings, or Contaminate may cause inaccurate times.
  • Supply counts are checked every 10 seconds.